Map: 破晓之战 - 天梯版 (虚空)

Players

PSiArc - Winner!

  • Race: Terran Terran
  • League: Master
  • Spawn Location: 7:00

Jim

  • Race: Protoss Protoss
  • Spawn Location: 1:00

Event: WESG 2016 Finals

VOD

Have the link to the VOD?

Description

Time

  • Played on: Jan. 12, 2017, 10:24 p.m.
  • Length: 3:42

All games in this series

Show
View Real Time Build Order
Export as new Build Order

PSiArc Terran - Winner!

Build Orders: 1/1/1, Cyclone Opening 

Get SALT Encoding   

  12  0:00  SCV  
  13  0:12  SCV  
  14  0:18  Supply Depot  
  14  0:24  SCV  
  15  0:39  SCV  
  15  0:42  Barracks  
  16  0:47  Refinery  
  16  0:52  SCV  
  16  0:56  Refinery  
  17  1:04  SCV  
  18  1:17  SCV  
  19  1:29  Orbital Command, Marine  
  20  1:36  Factory  
  20  1:45  Supply Depot  
  20  1:48  Barracks Reactor  
  20  1:55  SCV  
  21  2:08  SCV  
  22  2:19  Cyclone  
  22  2:21  Starport  
  25  2:25  Marine x2  
  27  2:32  Supply Depot  
  27  2:43  Marine x2  
  29  2:54  Cyclone  
  32  2:59  Medivac  
  34  3:07  Marine  
  34  3:08  Marine  
  34  3:10  Supply Depot  
  36  3:15  Bunker  
Show
View Real Time Build Order
Export as new Build Order

Jim Protoss 

Build Orders: 1 Gate Expand 

Get SALT Encoding   

  12  0:01  Probe (Chrono Boost)  
  13  0:11  Probe (Chrono Boost)  
  14  0:18  Pylon  
  14  0:22  Probe (Chrono Boost)  
  15  0:36  Probe (Chrono Boost), Gateway  
  15  0:42  Assimilator  
  16  0:46  Probe (Chrono Boost)  
  18  0:57  Probe (Chrono Boost)  
  18  1:07  Probe (Chrono Boost)  
  19  1:18  Probe (Chrono Boost)  
  20  1:23  Nexus  
  20  1:33  Cybernetics Core  
  20  1:36  Probe (Chrono Boost)  
  21  1:42  Assimilator  
  21  1:46  Probe (Chrono Boost)  
  22  1:50  Pylon  
  22  1:57  Probe (Chrono Boost)  
  23  2:05  Adept  
  23  2:10  Probe (Chrono Boost)  
  26  2:22  Probe (Chrono Boost)  
  27  2:26  Stargate  
  27  2:29  Adept  
  27  2:34  Probe (Chrono Boost)  
  27  2:36  Probe (Chrono Boost)  
  31  2:46  Probe x2 (Chrono Boost)  
  33  2:53  Adept  
  33  2:57  Probe (Chrono Boost)  
  37  2:58  Probe (Chrono Boost)  
  37  3:07  Probe (Chrono Boost)  
  37  3:11  Probe (Chrono Boost)  
  42  3:18  Probe (Chrono Boost)  
  42  3:24  Probe (Chrono Boost)  
  43  3:31  Probe (Chrono Boost)  
Tags
 
Add a new tag
Caveats
  • Supply blocks, unpowered buildings, or Contaminate may cause inaccurate times.
  • Supply counts are checked every 10 seconds.